 Dungeon Crawl Stone Soup version 0.29.1 (webtiles) character file.

Game seed: 1424593328189948699

124739 qw the Severer (level 16, -3/155 HPs)
             Began as a Minotaur Berserker on Sept 13, 2022.
             Was an Elder of Trog.
             Killed by the raging water
             ... invoked by a water nymph
              (29 damage)
             ... on level 3 of the Shoals.
             The game lasted 00:10:26 (32009 turns).

qw the Severer (Minotaur Berserker)                Turns: 32009, Time: 00:10:26

Health: -3/155     AC: 34    Str: 30    XL:     16   Next: 39%
Magic:  15/15      EV: 13    Int: 12    God:    Trog [****..]
Gold:   2258       SH: 24    Dex: 10    Spells: 15/15 levels left

rFire   . . .      SeeInvis +   y - +7 broad axe of the Pariah {speed, rPois}
rCold   . . .      Faith    .   h - +0 tower shield
rNeg    . . .      Spirit   .   w - +4 plate armour "Koeb" {+Inv Str+2 Int+8 Dex-5}
rPois   +          Reflect  +   u - +2 hat {SInv}
rElec   .          Harm     .   p - +0 cloak
rCorr   .          Rampage  .   k - +2 pair of gloves
Will    +....                   j - +0 pair of boots
Stlth   ..........              A - amulet of reflection
HPRegen 0.35/turn               z - +4 ring of protection
MPRegen 0.14/turn               q - ring of Leejorph {EV+4 Dex+3 SInv}

@: on berserk cooldown, slowed, very slow
A: horns 2, retaliatory headbutt
a: Renounce Religion, Evoke Invisibility, Berserk, Trog's Hand, Brothers in Arms


You were on level 3 of the Shoals.
You worshipped Trog.
Trog was greatly pleased with you.
You visited 4 branches of the dungeon, and saw 25 of its levels.

You collected 2258 gold pieces.


Innate Abilities, Weirdness & Mutations

You have a pair of horns on your head.
You reflexively headbutt those who attack you in melee.


   Skills:
 - Level 17.0 Fighting
 - Level 18.2 Axes
 - Level 8.0 Throwing
 - Level 15.4 Armour
 - Level 6.1 Dodging
 + Level 17.9 Shields


You had 15 spell levels left.
You didn't know any spells.
Your spell library was empty.

Inventory:

Hand Weapons
 e - a +0 morningstar
 y - the +7 broad axe of the Pariah (weapon) {speed, rPois}
   (You acquired it on level 3 of the Lair of Beasts)

   Attacks with this weapon are significantly faster.
   rPois:     It protects you from poison.
Missiles
 i - 3 silver javelins
 l - 6 silver boomerangs (quivered)
 m - 35 boomerangs
Armour
 g - a +0 plate armour of fire resistance
 h - a +0 tower shield (worn)
 j - a +0 pair of boots (worn)
 k - a +2 pair of gloves (worn)
 p - a +0 cloak (worn)
 t - the +10 ring mail of Ybrel Uxzadd {rElec rPois Str+2}
   (You found it on level 2 of the Lair of Beasts)

   Str:       It affects your strength (+2).
   rElec:     It insulates you from electricity.
   rPois:     It protects you from poison.
 u - a +2 hat of see invisible (worn)
 w - the +4 plate armour "Koeb" (worn) {+Inv Str+2 Int+8 Dex-5}
   (You found it on level 5 of the Dungeon)

   Str:       It affects your strength (+2).
   Int:       It affects your intelligence (+8).
   Dex:       It affects your dexterity (-5).
   +Inv:      It lets you turn invisible.
 B - the +15 Maxwell's patent armour {-Cast -Tele rElec Will+ rCorr}
   (You acquired it on level 4 of the Lair of Beasts)

   rElec:     It insulates you from electricity.
   -Cast:     It prevents spellcasting.
   -Tele:     It prevents most forms of teleportation.
   rCorr:     It protects you from acid and corrosion.
   Will:      It increases your willpower.
Jewellery
 q - the ring of Leejorph (right hand) {EV+4 Dex+3 SInv}
   (You found it on level 4 of the Dungeon)

   [ring of evasion]

   EV:        It affects your evasion (+4).
   Dex:       It affects your dexterity (+3).
   SInv:      It lets you see invisible.
 z - a +4 ring of protection (left hand)
 A - an amulet of reflection (around neck)
 Y - a ring of protection from fire
Scrolls
 a - a scroll of identify
 d - a scroll of enchant weapon
Potions
 b - 3 potions of might
 c - 9 potions of haste
 f - 2 potions of mutation
 o - a potion of resistance
 v - a potion of cancellation
 x - 8 potions of curing

Dungeon Overview and Level Annotations

Branches:
Dungeon (15/15)            Temple (0/1) D:7            Lair (5/5) D:11
 Shoals (3/4) Lair:3       Spider (0/4) Lair:3        Slime (0/5) Lair:5
    Orc (2/2) D:12            Elf (0/3) Orc:2        Vaults (0/5) D:14
 Depths (0/4) D:15

Altars:
Ashenzari
Dithmenos
Elyvilon
Fedhas
Kikubaaqudgha
Makhleb
Nemelex Xobeh
Ru
Vehumet
Wu Jian
Yredelemnul
Zin
The Shining One

Shops:
Orc:2 [:(:   Shoals:1 *

Portals:
Trove: D:11 (give +3 shadow dragon scales)

Annotations:
D:2 1 runed translucent door, Crazy Yiuf
Lair:5 1 runed translucent door
Shoals:2 1 runed translucent door


Message History

The merfolk hits you but does no damage. x2
You barely miss the merfolk.
The merfolk is almost dead.
You block the snapping turtle's attack.
You slash the merfolk!
The merfolk is almost dead.
Your ogre closely misses the snapping turtle.
You block the merfolk's attack.
The merfolk throws a boomerang.
The boomerang completely misses you.
You closely miss the merfolk.
The merfolk is almost dead.
You slice the merfolk!!
You kill the merfolk!
Trog accepts your kill.
Your ogre hits the snapping turtle with a +0 giant club!!
The snapping turtle dies!
Trog accepts your kill. You block the merfolk's attack.
You barely miss the merfolk. Your headbutt misses the merfolk.
The merfolk is heavily wounded.
You block the merfolk's attack.
You slice the merfolk!! Your headbutt misses the merfolk.
The merfolk is almost dead.
Your ogre rages.
You slice the merfolk!!
You kill the merfolk!
Trog accepts your kill.
You start resting.
You feel a strong urge to attack something.
You feel your anger nearly subside.
You are no longer berserk.
You are exhausted.
You feel yourself slow down.
Your ogre rages.
A water nymph comes into view.
Your ogre rages.
You enter the shallow water.
Moving in this stuff is going to be slow.
The water nymph gestures at you while chanting.
The water swirls and strikes you!!
You die...

.~~~~~~~~~###
~~~~~~~~.~~.
.~~~~~~~~~~~#
.~~~~~~~~~~.
..~~.~~~~m~#
.....~~~~~~##
.....~~~~O..##
...~~~..@....##
.~~~~~~).)....#
.~~..~)...#####
~~...~)...#
.~....)%..####
.~.##.%.)(...###
..........~......
...~~~~~~...~.~.~~
~~~~~~~~~~~~~~~~~~~~~~~


You could see a water nymph (ally target) and a friendly ogre (summoned,
berserk).

Vanquished Creatures
  Rupert (D:14)
  Gastronok (D:8)
  2 merfolk javelineers
  An ettin (D:14)
  6 merfolk impalers
  4 vault guards (D:14)
  3 catoblepae (Lair:5)
  2 boulder beetles
  10 hydras
  An alligator snapping turtle (Shoals:3)
  2 ogre magi
  3 merfolk aquamancers
  7 centaur warriors
  A satyr (Shoals:2)
  3 merfolk avatars
  5 two-headed ogres
  7 death yaks (Lair:5)
  6 tengu warriors
  3 orc high priests (Orc:2)
  9 sea snakes
  A skeletal warrior (D:10)
  A deep troll (D:14)
  Pikel (D:6)
  A wizard (D:14)
  2 necromancers
  6 orc knights
  3 deep elf pyromancers
  5 orc sorcerers
  4 cyclopes
  11 fauns
  3 ugly things
  11 manticores
  5 elephants
  3 merfolk sirens
  3 black mambas
  2 water nymphs
  Joseph (D:10)
  A centaur zombie (D:14)
  A torpor snail (Lair:3)
  3 gargoyles
  2 efreet
  An unseen horror (shapeshifter) (D:13)
  12 cane toads
  Psyche (D:8)
  A rime drake (Lair:5)
  An unseen horror (D:13)
  A tengu conjurer (D:15)
  9 komodo dragons
  2 wind drakes
  24 merfolk
  2 polar bears
  7 trolls
  2 hornets
  6 snapping turtles
  5 slime creatures (D:14)
  12 blink frogs
  5 dream sheep
  2 shadows
  A wraith (D:12)
  8 water elementals
  2 wyverns
  50 yaks
  12 vampire mosquitoes
  A steam dragon (D:8)
  8 basilisks
  3 wargs
  An acid dragon (D:11)
  10 water moccasins
  Duvessa (D:4)
  A sky beast (D:6)
  21 orc warriors
  4 black bears
  13 wolves
  4 ogres
  12 centaurs
  A lemure (D:6)
  A phantom (D:5)
  A kobold brigand (D:9)
  11 bullfrogs
  8 scorpions
  3 gnoll sergeants
  4 wights (D:9)
  Dowan (D:4)
  21 killer bees
  4 vampire bats (D:5)
  4 electric eels
  2 howler monkeys (D:11)
  A crimson imp (D:5)
  19 orc priests
  3 gnoll boudas
  3 hounds (D:5)
  A jelly (D:8)
  Ijyb (D:5)
  4 iguanas
  A boggart zombie (D:14)
  20 orc wizards
  A centaur simulacrum (D:10)
  Robin (D:3)
  28 gnolls
  4 adders
  2 white imps (D:7)
  An ufetubus (D:4)
  7 worms
  4 dart slugs
  47 orcs
  10 endoplasms
  5 giant cockroaches
  17 goblins
  8 hobgoblins
  10 jackals
  3 quokkas
  11 ball pythons
  10 bats
  3 frilled lizards
  13 kobolds
  6 rats
697 creatures vanquished.

Vanquished Creatures (collateral kills)
  A boulder beetle (D:14)
  An ugly thing (D:14)
  A merfolk (Shoals:2)
  A wind drake (Shoals:2)
  A slime creature (D:14)
  A snapping turtle (Shoals:3)
  4 dream sheep (Lair:4)
  A water moccasin (Lair:2)
11 creatures vanquished.

Vanquished Creatures (others)
  A merfolk aquamancer (Shoals:1)
  5 demonic plants (D:1)
  19 fungi
  57 plants
  A withered plant (D:1)
83 creatures vanquished.

Grand Total: 791 creatures vanquished

Notes
Turn   | Place    | Note
-------+----------+-------------------------------------------
     0 | D:1      | qw the Minotaur Berserker began the quest for the Orb.
     0 | D:1      | Reached XP level 1. HP: 19/19 MP: 0/0
     0 | D:1      | 0 ||| qw: Version: 0.1-a-119-g272c26d
     0 | D:1      | 0 ||| qw: Game counter: 11115
     0 | D:1      | 0 ||| qw: Always use a shield: true
     0 | D:1      | 0 ||| qw: Do Orc after D:15 true
     0 | D:1      | 0 ||| qw: Do second Lair branch before Depths: true
     0 | D:1      | 0 ||| qw: Lair rune preference: random
     0 | D:1      | 0 ||| qw: Plans: Normal
     0 | D:1      | 0 ||| PLANNING D:1-11
    25 | D:1      | 25 ||| Stepping ~*~*~tactically~*~*~ (stealth).
    29 | D:1      | 29 ||| Stepping ~*~*~tactically~*~*~ (hiding).
    37 | D:1      | Reached skill level 4 in Axes
   218 | D:1      | Reached XP level 2. HP: 22/26 MP: 1/1
   542 | D:1      | Reached ** piety under Trog
   553 | D:1      | Found a faded altar of an unknown god.
   594 | D:1      | 594 ||| Stepping ~*~*~tactically~*~*~ (stealth).
   604 | D:1      | Reached skill level 5 in Axes
   752 | D:1      | Reached XP level 3. HP: 31/31 MP: 2/2
   794 | D:1      | 794 ||| Stepping ~*~*~tactically~*~*~ (stealth).
   939 | D:1      | 939 ||| Stepping ~*~*~tactically~*~*~ (stealth).
   948 | D:1      | 948 ||| Stepping ~*~*~tactically~*~*~ (stealth).
   949 | D:1      | 949 ||| Stepping ~*~*~tactically~*~*~ (stealth).
   950 | D:1      | 950 ||| Stepping ~*~*~tactically~*~*~ (stealth).
   954 | D:1      | 954 ||| Stepping ~*~*~tactically~*~*~ (stealth).
  1052 | D:1      | 1052 ||| UPGRADING to +0 ring mail.
  1062 | D:1      | 1062 ||| DROPPING +0 animal skin.
  1063 | D:1      | 1063 ||| UPGRADING to +0 pair of boots.
  1068 | D:1      | 1068 ||| READING scroll labelled ZUAMOR QYNGOP.
  1069 | D:1      | 1069 ||| READING scroll labelled PYPEZY MOIGEE.
  1070 | D:1      | 1070 ||| READING scroll labelled ROSUKKOIROE.
  1307 | D:2      | Found a shadowy altar of Dithmenos.
  1313 | D:2      | 1313 ||| Stepping ~*~*~tactically~*~*~ (stealth).
  1343 | D:2      | 1343 ||| DROPPING +0 club.
  1344 | D:2      | 1344 ||| Stepping ~*~*~tactically~*~*~ (stealth).
  1347 | D:2      | 1347 ||| Stepping ~*~*~tactically~*~*~ (stealth).
  1349 | D:2      | 1349 ||| Stepping ~*~*~tactically~*~*~ (hiding).
  1378 | D:2      | 1378 ||| FLEEEEING.
  1696 | D:2      | 1696 ||| INVOKING Berserk.
  1699 | D:2      | Reached skill level 6 in Axes
  1699 | D:2      | Reached XP level 4. HP: 39/39 MP: 3/3
  1846 | D:2      | Found a runed translucent door.
  1847 | D:2      | Noticed Crazy Yiuf
  2149 | D:2      | 2149 ||| UPGRADING to +0 chain mail.
  2159 | D:2      | 2159 ||| DROPPING +0 ring mail.
  2160 | D:2      | 2160 ||| UPGRADING to ring of positive energy.
  2161 | D:2      | 2161 ||| READING 2 scrolls labelled JUUNYOSKORE.
  2162 | D:2      | 2162 ||| READING scroll labelled XEGUMA METELI.
  2162 | D:2      | Identified a scroll of acquirement
  2162 | D:2      | 2162 ||| ACQUIRING +2 war axe of electrocution
  2162 | D:2      | Acquired a +2 war axe of electrocution
  2164 | D:2      | 2164 ||| SWAPPING to +2 war axe of electrocution.
  2165 | D:2      | 2165 ||| DROPPING +0 hand axe.
  2166 | D:2      | 2166 ||| READING 2 scrolls labelled FARRAFRUMN.
  2167 | D:2      | 2167 ||| DROPPING scroll of immolation.
  2235 | D:3      | 2235 ||| Stepping ~*~*~tactically~*~*~ (hiding).
  2346 | D:3      | Found a glowing golden altar of the Shining One.
  2383 | D:3      | 2383 ||| READING 2 scrolls of identify.
  2383 | D:3      | 2383 ||| IDENTIFYING fizzy white potion
  2384 | D:3      | 2384 ||| DROPPING potion of magic.
  2385 | D:3      | 2385 ||| Stepping randomly (stuck).
  2398 | D:3      | 2398 ||| Stepping ~*~*~tactically~*~*~ (stealth).
  2400 | D:3      | 2400 ||| Stepping ~*~*~tactically~*~*~ (stealth).
  2439 | D:3      | 2439 ||| Stepping ~*~*~tactically~*~*~ (stealth).
  2442 | D:3      | 2442 ||| Stepping ~*~*~tactically~*~*~ (stealth).
  2460 | D:3      | Identified the +1 helmet "Isyibboi" {Harm rF+ Int-5}
  2460 | D:3      | Noticed Robin
  2461 | D:3      | 2461 ||| Stepping ~*~*~tactically~*~*~ (stealth).
  2462 | D:3      | 2462 ||| Stepping ~*~*~tactically~*~*~ (stealth).
  2465 | D:3      | 2465 ||| Stepping ~*~*~tactically~*~*~ (stealth).
  2466 | D:3      | 2466 ||| Stepping ~*~*~tactically~*~*~ (stealth).
  2467 | D:3      | 2467 ||| Stepping ~*~*~tactically~*~*~ (stealth).
  2469 | D:3      | 2469 ||| INVOKING Berserk.
  2471 | D:3      | Killed Robin
  2479 | D:3      | Reached *** piety under Trog
  2484 | D:3      | HP: 8/39 [orc priest/divine providence (14)]
  2489 | D:3      | Reached skill level 7 in Axes
  2489 | D:3      | Reached XP level 5. HP: 6/45 MP: 4/4
  2551 | D:3      | 2551 ||| INVOKING Berserk.
  2734 | D:3      | 2734 ||| DROPPING +0 whip.
  2913 | D:3      | 2913 ||| INVOKING Berserk.
  2990 | D:3      | 2990 ||| UPGRADING to amulet of guardian spirit.
  2995 | D:3      | 2995 ||| READING scroll labelled VANWAZXALO.
  2996 | D:3      | 2996 ||| DRINKING 2 fizzy grey potions.
  3016 | D:4      | 3016 ||| PLANNING SEWER
  3030 | D:4      | 3030 ||| INVOKING Berserk.
  3035 | D:4      | Reached XP level 6. HP: 55/55 MP: 5/5
  3225 | D:4      | Reached skill level 8 in Axes
  3311 | D:4      | 3311 ||| INVOKING Berserk.
  3422 | D:4      | 3422 ||| Stepping ~*~*~tactically~*~*~ (stealth).
  3427 | D:4      | 3427 ||| INVOKING Berserk.
  3656 | D:4      | Identified the ring of Leejorph {EV+4 Dex+3 SInv}
  3685 | D:4      | 3685 ||| RIP SEWER
  3686 | D:4      | Found a blossoming altar of Fedhas.
  3687 | D:4      | 3687 ||| PLANNING D:1-11
  3823 | D:4      | 3823 ||| Stepping ~*~*~tactically~*~*~ (stealth).
  3826 | D:4      | 3826 ||| Stepping ~*~*~tactically~*~*~ (stealth).
  3845 | D:4      | Noticed Dowan
  3846 | D:4      | 3846 ||| FLEEEEING.
  3846 | D:4      | Noticed Duvessa
  3847 | D:4      | 3847 ||| FLEEEEING.
  3848 | D:4      | 3848 ||| FLEEEEING.
  3851 | D:4      | 3851 ||| FLEEEEING.
  3852 | D:4      | 3852 ||| FLEEEEING.
  3854 | D:4      | 3854 ||| FLEEEEING.
  3855 | D:4      | 3855 ||| FLEEEEING.
  3856 | D:4      | 3856 ||| FLEEEEING.
  3857 | D:4      | 3857 ||| FLEEEEING.
  3858 | D:4      | 3858 ||| FLEEEEING.
  3859 | D:4      | 3859 ||| FLEEEEING.
  3860 | D:4      | 3860 ||| FLEEEEING.
  3861 | D:4      | 3861 ||| FLEEEEING.
  3862 | D:4      | 3862 ||| FLEEEEING.
  3863 | D:4      | 3863 ||| STAIRDANCE
  3900 | D:3      | 3900 ||| UPGRADING to ring of Leejorph {EV+4 Dex+3 SInv}.
  3901 | D:3      | 3901 ||| READING scroll labelled GESHRIUZOUX.
  4017 | D:3      | 4017 ||| READING scroll labelled SAVEWK KUEXOL.
  4021 | D:4      | 4021 ||| Stepping ~*~*~tactically~*~*~ (hiding).
  4022 | D:4      | 4022 ||| INVOKING Berserk.
  4027 | D:4      | Killed Duvessa
  4028 | D:4      | Reached skill level 9 in Axes
  4028 | D:4      | Reached XP level 7. HP: 60/60 MP: 6/6
  4029 | D:4      | Killed Dowan
  4030 | D:4      | Reached skill level 3 in Armour
  4177 | D:5      | Entered Level 5 of the Dungeon
  4212 | D:5      | Reached skill level 10 in Axes
  4398 | D:5      | Noticed Ijyb
  4399 | D:5      | 4399 ||| Stepping ~*~*~tactically~*~*~ (hiding).
  4401 | D:5      | 4401 ||| INVOKING Berserk.
  4404 | D:5      | Killed Ijyb
  4405 | D:5      | Reached skill level 1 in Throwing
  4542 | D:5      | 4542 ||| INVOKING Berserk.
  4678 | D:5      | Reached skill level 6 in Fighting
  4678 | D:5      | Reached XP level 8. HP: 70/70 MP: 7/7
  4704 | D:5      | 4704 ||| Stepping ~*~*~tactically~*~*~ (hiding).
  4705 | D:5      | 4705 ||| Stepping ~*~*~tactically~*~*~ (hiding).
  4714 | D:5      | 4714 ||| Stepping ~*~*~tactically~*~*~ (stealth).
  4743 | D:5      | 4743 ||| Stepping ~*~*~tactically~*~*~ (hiding).
  4750 | D:5      | 4750 ||| INVOKING Berserk.
  4914 | D:5      | 4914 ||| INVOKING Berserk.
  4917 | D:5      | Reached skill level 11 in Axes
  5155 | D:5      | Found a burning altar of Makhleb.
  5155 | D:5      | Found a radiant altar of Vehumet.
  5211 | D:5      | Identified the +4 plate armour "Koeb" {+Inv Str+2 Int+8
                  | Dex-5}
  5274 | D:5      | 5274 ||| UPGRADING to +4 scale mail of cold resistance.
  5284 | D:5      | 5284 ||| DROPPING +0 chain mail.
  5285 | D:5      | 5285 ||| UPGRADING to +0 plate armour.
  5295 | D:5      | 5295 ||| DROPPING +4 scale mail of cold resistance.
  5296 | D:5      | 5296 ||| UPGRADING to +4 plate armour "Koeb" {+Inv Str+2
                  | Int+8 Dex-5}.
  5306 | D:5      | 5306 ||| DROPPING +0 plate armour.
  5307 | D:5      | 5307 ||| UPGRADING to ring of protection from fire.
  5309 | D:5      | 5309 ||| READING scroll labelled YTIXUNWECOA.
  5348 | D:6      | 5348 ||| INVOKING Berserk.
  5512 | D:6      | Reached skill level 12 in Axes
  5539 | D:6      | Found a sparkling altar of Nemelex Xobeh.
  5636 | D:6      | Noticed Pikel
  5642 | D:6      | 5642 ||| INVOKING Berserk.
  5644 | D:6      | Killed Pikel
  5645 | D:6      | Reached XP level 9. HP: 81/81 MP: 8/8
  5857 | D:6      | Reached skill level 6 in Armour
  5905 | D:6      | 5905 ||| INVOKING Berserk.
  6073 | D:6      | 6073 ||| Stepping ~*~*~tactically~*~*~ (hiding).
  6084 | D:6      | 6084 ||| INVOKING Berserk.
  6501 | D:6      | 6501 ||| READING scroll labelled BUMUAFA FOUD.
  6502 | D:6      | 6502 ||| READING scroll labelled ZOIWENYIDOO.
  6603 | D:6      | 6603 ||| DRINKING 2 sedimented green potions.
  6604 | D:6      | 6604 ||| READING 3 scrolls of identify.
  6604 | D:6      | 6604 ||| IDENTIFYING grey potion
  6605 | D:6      | 6605 ||| READING 2 scrolls of identify.
  6605 | D:6      | 6605 ||| IDENTIFYING fizzy dark potion
  6606 | D:6      | 6606 ||| DROPPING potion of ambrosia.
  6607 | D:6      | 6607 ||| DROPPING potion of attraction.
  6785 | D:7      | 6785 ||| INVOKING Berserk.
  6993 | D:7      | 6993 ||| Stepping ~*~*~tactically~*~*~ (stealth).
  6995 | D:7      | 6995 ||| Stepping ~*~*~tactically~*~*~ (hiding).
  7002 | D:7      | 7002 ||| INVOKING Berserk.
  7044 | D:7      | 7044 ||| Stepping ~*~*~tactically~*~*~ (stealth).
  7192 | D:7      | 7192 ||| Stepping ~*~*~tactically~*~*~ (hiding).
  7194 | D:7      | 7194 ||| Stepping ~*~*~tactically~*~*~ (hiding).
  7201 | D:7      | Reached skill level 13 in Axes
  7379 | D:7      | Found a staircase to the Ecumenical Temple.
  7644 | D:7      | Found a sacrificial altar of Ru.
  7648 | D:7      | Found a broken altar of Ashenzari.
  7861 | D:7      | 7861 ||| UPGRADING to +0 cloak.
  8035 | D:8      | 8035 ||| INVOKING Berserk.
  8055 | D:8      | 8055 ||| Stepping ~*~*~tactically~*~*~ (stealth).
  8274 | D:8      | 8274 ||| INVOKING Berserk.
  8392 | D:8      | 8392 ||| Stepping ~*~*~tactically~*~*~ (stealth).
  8585 | D:8      | Noticed Gastronok
  8587 | D:8      | 8587 ||| Stepping ~*~*~tactically~*~*~ (hiding).
  8588 | D:8      | 8588 ||| Stepping ~*~*~tactically~*~*~ (hiding).
  8590 | D:8      | 8590 ||| Stepping ~*~*~tactically~*~*~ (hiding).
  8592 | D:8      | Noticed Psyche
  8594 | D:8      | 8594 ||| INVOKING Berserk.
  8601 | D:8      | Killed Psyche
  8603 | D:8      | Killed Gastronok
  8604 | D:8      | Reached XP level 10. HP: 88/88 MP: 9/9
  8714 | D:8      | Paralysed by a hornet for 3 turns
  8899 | D:8      | 8899 ||| Stepping ~*~*~tactically~*~*~ (stealth).
  8900 | D:8      | 8900 ||| Stepping ~*~*~tactically~*~*~ (stealth).
  9231 | D:8      | Noticed a seven-headed hydra
  9232 | D:8      | 9232 ||| SWAPPING to +0 morningstar.
  9233 | D:8      | 9233 ||| INVOKING Berserk.
  9237 | D:8      | Killed a seven-headed hydra
  9238 | D:8      | Reached skill level 14 in Axes
  9256 | D:8      | 9256 ||| SWAPPING to +2 war axe of electrocution.
  9483 | D:8      | 9483 ||| Stepping ~*~*~tactically~*~*~ (hiding).
  9486 | D:8      | 9486 ||| INVOKING Berserk.
  9626 | D:8      | 9626 ||| UPGRADING to +1 hat of see invisible.
  9631 | D:8      | 9631 ||| UPGRADING to amulet of reflection.
  9641 | D:8      | 9641 ||| DROPPING amulet of guardian spirit.
  9642 | D:8      | 9642 ||| READING scroll labelled JUESIETHAU.
  9643 | D:8      | 9643 ||| READING scroll labelled YKHLAG VAD MOGH.
  9644 | D:8      | 9644 ||| READING 3 scrolls of identify.
  9644 | D:8      | 9644 ||| IDENTIFYING red potion
  9645 | D:8      | 9645 ||| READING 2 scrolls of identify.
  9645 | D:8      | 9645 ||| IDENTIFYING smoky yellow potion
  9669 | D:9      | 9669 ||| STAIRDANCE
  9675 | D:9      | 9675 ||| STAIRDANCE
  9677 | D:8      | 9677 ||| INVOKING Berserk.
  9822 | D:9      | Reached skill level 15 in Axes
  9938 | D:9      | 9938 ||| READING scroll of enchant weapon.
  9938 | D:9      | 9938 ||| ENCHANTING +3 war axe of electrocution.
 10013 | D:9      | Reached **** piety under Trog
 10022 | D:9      | Reached skill level 9 in Fighting
 10149 | D:9      | 10149 ||| Stepping ~*~*~tactically~*~*~ (stealth).
 10167 | D:9      | 10167 ||| READING scroll of enchant armour.
 10167 | D:9      | 10167 ||| ENCHANTING +1 hat of see invisible.
 10184 | D:9      | 10184 ||| Stepping ~*~*~tactically~*~*~ (stealth).
 10185 | D:9      | 10185 ||| Stepping ~*~*~tactically~*~*~ (stealth).
 10186 | D:9      | 10186 ||| Stepping ~*~*~tactically~*~*~ (stealth).
 10187 | D:9      | 10187 ||| Stepping ~*~*~tactically~*~*~ (stealth).
 10242 | D:9      | 10242 ||| Stepping ~*~*~tactically~*~*~ (stealth).
 10244 | D:9      | 10244 ||| Stepping ~*~*~tactically~*~*~ (hiding).
 10277 | D:9      | 10277 ||| Stepping ~*~*~tactically~*~*~ (stealth).
 10649 | D:9      | Found an ancient bone altar of Kikubaaqudgha.
 10673 | D:9      | 10673 ||| Stepping ~*~*~tactically~*~*~ (stealth).
 10685 | D:9      | 10685 ||| FLEEEEING.
 10686 | D:9      | 10686 ||| FLEEEEING.
 10687 | D:9      | 10687 ||| FLEEEEING.
 10688 | D:9      | 10688 ||| FLEEEEING.
 10689 | D:9      | 10689 ||| FLEEEEING.
 10690 | D:9      | 10690 ||| FLEEEEING.
 10693 | D:9      | 10693 ||| FLEEEEING.
 10694 | D:9      | 10694 ||| FLEEEEING.
 10695 | D:9      | 10695 ||| FLEEEEING.
 10696 | D:9      | 10696 ||| FLEEEEING.
 10697 | D:9      | 10697 ||| FLEEEEING.
 10698 | D:9      | 10698 ||| FLEEEEING.
 10699 | D:9      | 10699 ||| FLEEEEING.
 10701 | D:9      | 10701 ||| FLEEEEING.
 10702 | D:9      | 10702 ||| FLEEEEING.
 10703 | D:9      | 10703 ||| FLEEEEING.
 10704 | D:9      | 10704 ||| FLEEEEING.
 10705 | D:9      | 10705 ||| FLEEEEING.
 10706 | D:9      | 10706 ||| FLEEEEING.
 10707 | D:9      | 10707 ||| FLEEEEING.
 10708 | D:9      | 10708 ||| FLEEEEING.
 10713 | D:9      | 10713 ||| FLEEEEING.
 10714 | D:9      | 10714 ||| FLEEEEING.
 10715 | D:9      | 10715 ||| FLEEEEING.
 10721 | D:9      | 10721 ||| FLEEEEING.
 10722 | D:9      | 10722 ||| FLEEEEING.
 10723 | D:9      | 10723 ||| FLEEEEING.
 10734 | D:9      | 10734 ||| FLEEEEING.
 10735 | D:9      | 10735 ||| FLEEEEING.
 10736 | D:9      | 10736 ||| FLEEEEING.
 10737 | D:9      | 10737 ||| FLEEEEING.
 10738 | D:9      | 10738 ||| STAIRDANCE
 10816 | D:8      | 10816 ||| DRINKING 2 clear potions.
 10817 | D:8      | 10817 ||| READING 2 scrolls of identify.
 10817 | D:8      | 10817 ||| IDENTIFYING white potion
 10818 | D:8      | 10818 ||| DRINKING potion of experience.
 10818 | D:8      | Reached skill level 18 in Axes
 10818 | D:8      | Reached XP level 11. HP: 97/97 MP: 10/10
 10819 | D:8      | 10819 ||| DROPPING potion of degeneration.
 10822 | D:9      | 10822 ||| STAIRDANCE
 10830 | D:9      | 10830 ||| STAIRDANCE
 10966 | D:9      | 10966 ||| Stepping ~*~*~tactically~*~*~ (hiding).
 11095 | D:10     | Entered Level 10 of the Dungeon
 11098 | D:10     | 11098 ||| INVOKING Berserk.
 11127 | D:10     | 11127 ||| STAIRDANCE
 11281 | D:10     | Reached XP level 12. HP: 106/106 MP: 11/11
 11304 | D:10     | Reached skill level 9 in Armour
 11389 | D:10     | 11389 ||| INVOKING Berserk.
 11519 | D:10     | Noticed an ogre mage
 11520 | D:10     | 11520 ||| INVOKING Trog's Hand.
 11521 | D:10     | 11521 ||| INVOKING Berserk.
 11525 | D:10     | Killed an ogre mage
 11632 | D:10     | Noticed a boulder beetle
 11634 | D:10     | 11634 ||| INVOKING Berserk.
 11637 | D:10     | Killed a boulder beetle
 11638 | D:10     | Reached skill level 3 in Dodging
 11747 | D:10     | Noticed a tengu warrior
 11757 | D:10     | Killed a tengu warrior
 11996 | D:10     | Noticed an eight-headed hydra
 11997 | D:10     | 11997 ||| INVOKING Brothers in Arms.
 11998 | D:10     | 11998 ||| INVOKING Brothers in Arms.
 11999 | D:10     | 11999 ||| INVOKING Brothers in Arms.
 12000 | D:10     | 12000 ||| INVOKING Brothers in Arms.
 12001 | D:10     | 12001 ||| INVOKING Brothers in Arms.
 12002 | D:10     | 12002 ||| INVOKING Brothers in Arms.
 12003 | D:10     | 12003 ||| INVOKING Brothers in Arms.
 12003 | D:10     | HP: 26/110 [eight-headed hydra (10)]
 12004 | D:10     | 12004 ||| READING 4 scrolls of teleportation.
 12004 | D:10     | HP: 6/110 [eight-headed hydra (8)]
 12005 | D:10     | 12005 ||| DRINKING 5 potions of heal wounds.
 12006 | D:10     | 12006 ||| DRINKING 4 potions of heal wounds.
 12007 | D:10     | 12007 ||| DRINKING 3 potions of heal wounds.
 12249 | D:10     | 12249 ||| SWAPPING to +0 morningstar.
 12251 | D:10     | 12251 ||| INVOKING Berserk.
 12253 | D:10     | Killed an eight-headed hydra
 12282 | D:10     | 12282 ||| SWAPPING to +4 war axe of electrocution.
 12460 | D:10     | Noticed Joseph
 12474 | D:10     | Killed Joseph
 12475 | D:10     | Reached skill level 12 in Fighting
 12568 | D:10     | Found a glowing silver altar of Zin.
 12589 | D:10     | Noticed a two-headed ogre
 12593 | D:10     | Killed a two-headed ogre
 12862 | D:10     | Found an ornate altar of the Wu Jian Council.
 12869 | D:10     | 12869 ||| DRINKING potion of curing.
 12869 | D:10     | 12869 ||| (to cure confusion)
 12940 | D:10     | Found a white marble altar of Elyvilon.
 13008 | D:10     | 13008 ||| DROPPING amulet of the acrobat.
 13009 | D:10     | 13009 ||| DROPPING ring of magical power.
 13010 | D:10     | 13010 ||| READING scroll labelled WUTOFRISYD.
 13011 | D:10     | 13011 ||| READING 3 scrolls of identify.
 13011 | D:10     | 13011 ||| IDENTIFYING glowing coppery potion
 13012 | D:10     | 13012 ||| READING 2 scrolls of identify.
 13012 | D:10     | 13012 ||| IDENTIFYING puce potion
 13013 | D:10     | 13013 ||| DROPPING potion of brilliance.
 13077 | D:11     | Found a staircase to the Lair.
 13088 | D:11     | 13088 ||| INVOKING Berserk.
 13321 | D:11     | Identified the +8 whip of Contradiction {freeze, *Rage
                  | rPois rN++ Dex-3}
 13471 | D:11     | 13471 ||| INVOKING Berserk.
 13946 | D:11     | 13946 ||| Stepping ~*~*~tactically~*~*~ (stealth).
 14183 | D:11     | Found a portal to a secret trove of treasure.
 14246 | D:11     | 14246 ||| PLANNING LAIR
 14246 | D:11     | 14246 ||| UPGRADING to +0 pair of gloves.
 14251 | D:11     | 14251 ||| UPGRADING to +0 kite shield.
 14256 | D:11     | 14256 ||| READING scroll labelled FAKUOH NIRR.
 14324 | Lair:1   | Entered Level 1 of the Lair of Beasts
 14325 | Lair:1   | 14325 ||| PLANNING GAUNTLET
 14332 | Lair:1   | Reached skill level 1 in Shields
 14399 | Lair:1   | Reached skill level 3 in Shields
 14633 | Lair:1   | 14633 ||| INVOKING Berserk.
 14855 | Lair:1   | 14855 ||| Stepping ~*~*~tactically~*~*~ (stealth).
 14862 | Lair:1   | 14862 ||| RIP GAUNTLET
 14863 | Lair:1   | 14863 ||| PLANNING LAIR
 14875 | Lair:1   | 14875 ||| READING scroll of enchant weapon.
 14875 | Lair:1   | 14875 ||| ENCHANTING +4 war axe of electrocution.
 14954 | Lair:1   | 14954 ||| READING scroll of enchant armour.
 14954 | Lair:1   | 14954 ||| ENCHANTING +0 pair of gloves.
 15371 | Lair:2   | 15371 ||| INVOKING Berserk.
 15522 | Lair:2   | Noticed a seven-headed hydra
 15523 | Lair:2   | 15523 ||| INVOKING Brothers in Arms.
 15524 | Lair:2   | 15524 ||| SWAPPING to +0 morningstar.
 15525 | Lair:2   | 15525 ||| INVOKING Berserk.
 15530 | Lair:2   | Killed a seven-headed hydra
 15531 | Lair:2   | Reached skill level 6 in Shields
 15531 | Lair:2   | Reached XP level 13. HP: 119/119 MP: 12/12
 15598 | Lair:2   | 15598 ||| SWAPPING to +5 war axe of electrocution.
 15628 | Lair:2   | 15628 ||| READING scroll of enchant weapon.
 15628 | Lair:2   | 15628 ||| ENCHANTING +5 war axe of electrocution.
 15662 | Lair:2   | Identified the +10 ring mail of Ybrel Uxzadd {rElec rPois
                  | Str+2}
 15750 | Lair:2   | 15750 ||| Stepping ~*~*~tactically~*~*~ (stealth).
 15751 | Lair:2   | 15751 ||| INVOKING Berserk.
 15762 | Lair:2   | 15762 ||| SWAPPING to +0 morningstar.
 15773 | Lair:2   | 15773 ||| SWAPPING to +6 war axe of electrocution.
 16337 | Lair:2   | 16337 ||| UPGRADING to +10 ring mail of Ybrel Uxzadd {rElec
                  | rPois Str+2}.
 16413 | Lair:3   | 16413 ||| INVOKING Berserk.
 16600 | Lair:3   | 16600 ||| READING scroll of acquirement.
 16600 | Lair:3   | 16600 ||| ACQUIRING +7 broad axe of the Pariah {speed,
                  | rPois}
 16600 | Lair:3   | Acquired the +7 broad axe of the Pariah {speed, rPois}
 16602 | Lair:3   | 16602 ||| SWAPPING to +7 broad axe of the Pariah {speed,
                  | rPois}.
 16603 | Lair:3   | 16603 ||| DROPPING +6 war axe of electrocution.
 16639 | Lair:3   | Found a staircase to the Shoals.
 16641 | Lair:3   | 16641 ||| Stepping ~*~*~tactically~*~*~ (stealth).
 16645 | Lair:3   | 16645 ||| Stepping ~*~*~tactically~*~*~ (stealth).
 16691 | Lair:3   | 16691 ||| INVOKING Berserk.
 16888 | Lair:3   | 16888 ||| Stepping ~*~*~tactically~*~*~ (stealth).
 16891 | Lair:3   | 16891 ||| SWAPPING to +0 morningstar.
 16892 | Lair:3   | 16892 ||| INVOKING Berserk.
 16898 | Lair:3   | Reached skill level 9 in Shields
 16920 | Lair:3   | 16920 ||| SWAPPING to +7 broad axe of the Pariah {speed,
                  | rPois}.
 17076 | Lair:3   | 17076 ||| Stepping ~*~*~tactically~*~*~ (stealth).
 17083 | Lair:3   | 17083 ||| FLEEEEING.
 17084 | Lair:3   | 17084 ||| FLEEEEING.
 17085 | Lair:3   | 17085 ||| FLEEEEING.
 17086 | Lair:3   | 17086 ||| FLEEEEING.
 17087 | Lair:3   | 17087 ||| FLEEEEING.
 17088 | Lair:3   | 17088 ||| FLEEEEING.
 17089 | Lair:3   | 17089 ||| FLEEEEING.
 17090 | Lair:3   | 17090 ||| FLEEEEING.
 17091 | Lair:3   | 17091 ||| FLEEEEING.
 17093 | Lair:3   | 17093 ||| INVOKING Berserk.
 17209 | Lair:3   | Found a hole to the Spider Nest.
 17254 | Lair:3   | 17254 ||| INVOKING Berserk.
 17738 | Lair:3   | 17738 ||| INVOKING Berserk.
 17871 | Lair:3   | Identified the +1 spear "Juosooh" {vorpal, rC- Int+5 Dex+5}
 17918 | Lair:3   | 17918 ||| UPGRADING to +4 plate armour "Koeb" {+Inv Str+2
                  | Int+8 Dex-5}.
 17982 | Lair:4   | 17982 ||| READING scroll of acquirement.
 17982 | Lair:4   | 17982 ||| ACQUIRING +15 Maxwell's patent armour {-Cast
                  | -Tele rElec Will+ rCorr}
 17982 | Lair:4   | Acquired the +15 Maxwell's patent armour {-Cast -Tele rElec
                  | Will+ rCorr}
 17982 | Lair:4   | Found the +15 Maxwell's patent armour {-Cast -Tele rElec
                  | Will+ rCorr}
 18068 | Lair:4   | 18068 ||| Stepping ~*~*~tactically~*~*~ (stealth).
 18070 | Lair:4   | 18070 ||| Stepping ~*~*~tactically~*~*~ (stealth).
 18081 | Lair:4   | Identified the +1 flail "Mosoras" {freeze, Contam rF+ rC-
                  | Int+7}
 18082 | Lair:4   | 18082 ||| Stepping ~*~*~tactically~*~*~ (stealth).
 18083 | Lair:4   | 18083 ||| Stepping ~*~*~tactically~*~*~ (stealth).
 18089 | Lair:4   | 18089 ||| Stepping ~*~*~tactically~*~*~ (stealth).
 18092 | Lair:4   | 18092 ||| Stepping ~*~*~tactically~*~*~ (stealth).
 18110 | Lair:4   | 18110 ||| INVOKING Berserk.
 18217 | Lair:4   | 18217 ||| DROPPING +1 flail "Mosoras" {freeze, Contam rF+
                  | rC- Int+7}.
 18340 | Lair:4   | 18340 ||| Stepping ~*~*~tactically~*~*~ (stealth).
 18344 | Lair:4   | 18344 ||| INVOKING Berserk.
 18468 | Lair:4   | 18468 ||| READING scroll of enchant armour.
 18468 | Lair:4   | 18468 ||| ENCHANTING +1 pair of gloves.
 18475 | Lair:4   | 18475 ||| Stepping ~*~*~tactically~*~*~ (stealth).
 18479 | Lair:4   | 18479 ||| Stepping ~*~*~tactically~*~*~ (stealth).
 18486 | Lair:4   | 18486 ||| Stepping ~*~*~tactically~*~*~ (stealth).
 18512 | Lair:4   | 18512 ||| Stepping ~*~*~tactically~*~*~ (stealth).
 18527 | Lair:4   | 18527 ||| INVOKING Brothers in Arms.
 18528 | Lair:4   | 18528 ||| SWAPPING to +0 morningstar.
 18529 | Lair:4   | 18529 ||| INVOKING Berserk.
 18543 | Lair:4   | 18543 ||| SWAPPING to +7 broad axe of the Pariah {speed,
                  | rPois}.
 18661 | Lair:4   | Reached skill level 12 in Shields
 18693 | Lair:4   | 18693 ||| Stepping ~*~*~tactically~*~*~ (stealth).
 18700 | Lair:4   | 18700 ||| Stepping ~*~*~tactically~*~*~ (stealth).
 18701 | Lair:4   | 18701 ||| Stepping ~*~*~tactically~*~*~ (stealth).
 18706 | Lair:4   | 18706 ||| Stepping ~*~*~tactically~*~*~ (stealth).
 18707 | Lair:4   | 18707 ||| Stepping ~*~*~tactically~*~*~ (stealth).
 19135 | Lair:4   | 19135 ||| DRINKING 2 black potions.
 19136 | Lair:4   | 19136 ||| READING 2 scrolls of identify.
 19136 | Lair:4   | 19136 ||| IDENTIFYING purple potion
 19137 | Lair:4   | 19137 ||| DROPPING potion of invisibility.
 19190 | Lair:5   | Entered Level 5 of the Lair of Beasts
 19193 | Lair:5   | 19193 ||| SWAPPING to +0 morningstar.
 19194 | Lair:5   | 19194 ||| INVOKING Berserk.
 19213 | Lair:5   | 19213 ||| SWAPPING to +7 broad axe of the Pariah {speed,
                  | rPois}.
 19215 | Lair:5   | 19215 ||| STAIRDANCE
 19365 | Lair:5   | 19365 ||| Stepping ~*~*~tactically~*~*~ (stealth).
 19442 | Lair:5   | 19442 ||| INVOKING Berserk.
 19636 | Lair:5   | 19636 ||| INVOKING Berserk.
 19661 | Lair:5   | Reached skill level 12 in Armour
 19854 | Lair:5   | Found a runed translucent door.
 19854 | Lair:5   | Noticed an azure jelly
 19855 | Lair:5   | Found a staircase to the Slime Pits.
 19909 | Lair:5   | Reached XP level 14. HP: 129/129 MP: 13/13
 20007 | Lair:5   | 20007 ||| Stepping ~*~*~tactically~*~*~ (hiding).
 20010 | Lair:5   | 20010 ||| INVOKING Berserk.
 20137 | Lair:5   | 20137 ||| INVOKING Berserk.
 20165 | Lair:5   | 20165 ||| Stepping ~*~*~tactically~*~*~ (stealth).
 20167 | Lair:5   | 20167 ||| Stepping ~*~*~tactically~*~*~ (stealth).
 20168 | Lair:5   | 20168 ||| Stepping ~*~*~tactically~*~*~ (stealth).
 20289 | Lair:5   | 20289 ||| Stepping ~*~*~tactically~*~*~ (cloud).
 20290 | Lair:5   | 20290 ||| INVOKING Berserk.
 20302 | Lair:5   | Reached skill level 6 in Throwing
 20419 | Lair:5   | 20419 ||| INVOKING Berserk.
 20562 | Lair:5   | 20562 ||| INVOKING Berserk.
 20761 | Lair:5   | 20761 ||| INVOKING Berserk.
 21128 | Lair:5   | 21128 ||| PLANNING D
 21128 | Lair:5   | 21128 ||| READING scroll labelled CUREATS HUACW.
 21129 | Lair:5   | 21129 ||| DRINKING 2 silvery potions.
 21153 | Lair:5   | 21153 ||| DRINKING 2 glowing cyan potions.
 21257 | Lair:5   | 21257 ||| DROPPING potion of lignification.
 21258 | Lair:5   | 21258 ||| DROPPING potion of berserk rage.
 21389 | D:12     | 21389 ||| Stepping ~*~*~tactically~*~*~ (hiding).
 21393 | D:12     | 21393 ||| Stepping ~*~*~tactically~*~*~ (hiding).
 21613 | D:12     | 21613 ||| INVOKING Brothers in Arms.
 21614 | D:12     | 21614 ||| INVOKING Brothers in Arms.
 21615 | D:12     | 21615 ||| INVOKING Brothers in Arms.
 21616 | D:12     | 21616 ||| INVOKING Brothers in Arms.
 21617 | D:12     | 21617 ||| INVOKING Brothers in Arms.
 21618 | D:12     | 21618 ||| SWAPPING to +0 morningstar.
 21619 | D:12     | 21619 ||| INVOKING Brothers in Arms.
 21620 | D:12     | 21620 ||| INVOKING Berserk.
 21629 | D:12     | 21629 ||| SWAPPING to +7 broad axe of the Pariah {speed,
                  | rPois}.
 21701 | D:12     | Found a staircase to the Orcish Mines.
 21732 | D:12     | 21732 ||| READING 4 scrolls of teleportation.
 21806 | D:12     | 21806 ||| Stepping ~*~*~tactically~*~*~ (hiding).
 22363 | D:13     | 22363 ||| FLEEEEING.
 22364 | D:13     | 22364 ||| FLEEEEING.
 22365 | D:13     | 22365 ||| FLEEEEING.
 22366 | D:13     | 22366 ||| FLEEEEING.
 22371 | D:13     | 22371 ||| STAIRDANCE
 22582 | D:13     | 22582 ||| Stepping ~*~*~tactically~*~*~ (stealth).
 22665 | D:13     | 22665 ||| Stepping ~*~*~tactically~*~*~ (hiding).
 23277 | D:13     | 23277 ||| DROPPING ring of ice.
 23278 | D:13     | 23278 ||| DROPPING ring of positive energy.
 23279 | D:13     | 23279 ||| UPGRADING to +4 ring of protection.
 23281 | D:13     | 23281 ||| DROPPING ring of resist corrosion.
 23322 | D:14     | 23322 ||| INVOKING Berserk.
 23335 | D:14     | Reached skill level 15 in Fighting
 23651 | D:14     | Found a gate to the Vaults.
 23652 | D:14     | 23652 ||| INVOKING Trog's Hand.
 23653 | D:14     | 23653 ||| INVOKING Brothers in Arms.
 23654 | D:14     | 23654 ||| INVOKING Brothers in Arms.
 23658 | D:14     | 23658 ||| SWAPPING to +0 morningstar.
 23659 | D:14     | 23659 ||| INVOKING Berserk.
 23683 | D:14     | 23683 ||| Stepping ~*~*~tactically~*~*~ (outnumbered).
 23684 | D:14     | 23684 ||| SWAPPING to +7 broad axe of the Pariah {speed,
                  | rPois}.
 23685 | D:14     | 23685 ||| INVOKING Brothers in Arms.
 23686 | D:14     | 23686 ||| INVOKING Brothers in Arms.
 23687 | D:14     | 23687 ||| SWAPPING to +0 morningstar.
 23691 | D:14     | 23691 ||| SWAPPING to +7 broad axe of the Pariah {speed,
                  | rPois}.
 23696 | D:14     | 23696 ||| INVOKING Trog's Hand.
 23711 | D:14     | 23711 ||| INVOKING Trog's Hand.
 23725 | D:14     | 23725 ||| FLEEEEING.
 23726 | D:14     | 23726 ||| FLEEEEING.
 23730 | D:14     | 23730 ||| FLEEEEING.
 23731 | D:14     | 23731 ||| FLEEEEING.
 23735 | D:14     | 23735 ||| FLEEEEING.
 23736 | D:14     | 23736 ||| FLEEEEING.
 23746 | D:14     | 23746 ||| STAIRDANCE
 23896 | D:14     | 23896 ||| INVOKING Trog's Hand.
 24050 | D:14     | Found a basalt altar of Yredelemnul.
 24254 | D:15     | Entered Level 15 of the Dungeon
 24255 | D:15     | 24255 ||| PLANNING BAZAAR
 24255 | D:15     | 24255 ||| STAIRDANCE
 24328 | D:15     | 24328 ||| STAIRDANCE
 24332 | D:14     | Reached XP level 15. HP: 120/141 MP: 14/14
 24416 | D:15     | Noticed Rupert
 24417 | D:15     | 24417 ||| STAIRDANCE
 24419 | D:14     | 24419 ||| INVOKING Berserk.
 24502 | D:15     | 24502 ||| STAIRDANCE
 24504 | D:14     | 24504 ||| INVOKING Trog's Hand.
 24505 | D:14     | 24505 ||| INVOKING Berserk.
 24513 | D:14     | Killed Rupert
 24514 | D:14     | Reached skill level 15 in Shields
 24613 | D:15     | 24613 ||| STAIRDANCE
 24650 | D:15     | 24650 ||| STAIRDANCE
 24661 | D:15     | 24661 ||| INVOKING Trog's Hand.
 24662 | D:15     | 24662 ||| INVOKING Berserk.
 24787 | D:15     | Found a staircase to the Depths.
 24813 | D:15     | Reached skill level 6 in Dodging
 24958 | D:15     | 24958 ||| Stepping ~*~*~tactically~*~*~ (hiding).
 24959 | D:15     | 24959 ||| Stepping ~*~*~tactically~*~*~ (hiding).
 24981 | D:15     | Identified the +1 robe of Cheibriados's Hatred {rC+ Will+
                  | Str+6}
 25016 | D:15     | 25016 ||| Stepping ~*~*~tactically~*~*~ (stealth).
 25019 | D:15     | 25019 ||| Stepping ~*~*~tactically~*~*~ (stealth).
 25027 | D:15     | 25027 ||| INVOKING Berserk.
 25354 | D:15     | 25354 ||| RIP BAZAAR
 25357 | D:15     | 25357 ||| PLANNING D
 25435 | D:15     | 25435 ||| Stepping ~*~*~tactically~*~*~ (hiding).
 25436 | D:15     | 25436 ||| Stepping ~*~*~tactically~*~*~ (hiding).
 25447 | D:15     | 25447 ||| DRINKING 2 potions of cancellation.
 25755 | D:15     | 25755 ||| PLANNING ORC
 25867 | Orc:1    | Entered Level 1 of the Orcish Mines
 25868 | Orc:1    | 25868 ||| INVOKING Trog's Hand.
 25869 | Orc:1    | 25869 ||| INVOKING Berserk.
 25999 | Orc:1    | 25999 ||| Stepping ~*~*~tactically~*~*~ (hiding).
 26001 | Orc:1    | 26001 ||| Stepping ~*~*~tactically~*~*~ (hiding).
 26010 | Orc:1    | 26010 ||| Stepping ~*~*~tactically~*~*~ (stealth).
 26012 | Orc:1    | 26012 ||| Stepping ~*~*~tactically~*~*~ (stealth).
 26318 | Orc:2    | Entered Level 2 of the Orcish Mines
 26322 | Orc:2    | 26322 ||| Stepping ~*~*~tactically~*~*~ (stealth).
 26323 | Orc:2    | 26323 ||| Stepping ~*~*~tactically~*~*~ (stealth).
 26326 | Orc:2    | 26326 ||| Stepping ~*~*~tactically~*~*~ (stealth).
 26327 | Orc:2    | 26327 ||| Stepping ~*~*~tactically~*~*~ (stealth).
 26340 | Orc:2    | 26340 ||| Stepping ~*~*~tactically~*~*~ (hiding).
 26468 | Orc:2    | 26468 ||| INVOKING Berserk.
 26505 | Orc:2    | 26505 ||| Stepping ~*~*~tactically~*~*~ (hiding).
 26508 | Orc:2    | 26508 ||| Stepping ~*~*~tactically~*~*~ (hiding).
 26680 | Orc:2    | 26680 ||| Stepping ~*~*~tactically~*~*~ (hiding).
 26690 | Orc:2    | 26690 ||| INVOKING Trog's Hand.
 26691 | Orc:2    | 26691 ||| INVOKING Berserk.
 26697 | Orc:2    | Found Detrukk's Antique Armour Emporium.
 26703 | Orc:2    | Found Cosoa's Weapon Boutique.
 26725 | Orc:2    | 26725 ||| INVOKING Trog's Hand.
 26739 | Orc:2    | HP: 34/142 [orc high priest/+0 trident (12)]
 26740 | Orc:2    | 26740 ||| READING 4 scrolls of teleportation.
 26742 | Orc:2    | 26742 ||| DRINKING 3 potions of heal wounds.
 26744 | Orc:2    | Reached skill level 15 in Armour
 26758 | Orc:2    | 26758 ||| INVOKING Berserk.
 27068 | Orc:2    | Found a staircase to the Elven Halls.
 27178 | Orc:2    | 27178 ||| Stepping ~*~*~tactically~*~*~ (stealth).
 27180 | Orc:2    | 27180 ||| Stepping ~*~*~tactically~*~*~ (stealth).
 27279 | Orc:2    | 27279 ||| Stepping ~*~*~tactically~*~*~ (stealth).
 27287 | Orc:2    | 27287 ||| Stepping ~*~*~tactically~*~*~ (stealth).
 27288 | Orc:2    | 27288 ||| Stepping ~*~*~tactically~*~*~ (stealth).
 27290 | Orc:2    | 27290 ||| Stepping ~*~*~tactically~*~*~ (hiding).
 27293 | Orc:2    | 27293 ||| INVOKING Trog's Hand.
 27294 | Orc:2    | 27294 ||| INVOKING Berserk.
 27434 | Orc:2    | Found Zacosas's Book Boutique.
 27436 | Orc:2    | Found Qogeiphi's Book Emporium.
 27550 | Orc:2    | 27550 ||| PLANNING SHOALS:1-3
 27709 | Shoals:1 | Entered Level 1 of the Shoals
 27719 | Shoals:1 | 27719 ||| INVOKING Berserk.
 27983 | Shoals:1 | 27983 ||| Stepping ~*~*~tactically~*~*~ (water).
 28001 | Shoals:1 | 28001 ||| Stepping ~*~*~tactically~*~*~ (cloud).
 28325 | Shoals:1 | 28325 ||| Stepping ~*~*~tactically~*~*~ (hiding).
 28326 | Shoals:1 | 28326 ||| Stepping ~*~*~tactically~*~*~ (hiding).
 28327 | Shoals:1 | 28327 ||| Stepping ~*~*~tactically~*~*~ (hiding).
 28328 | Shoals:1 | 28328 ||| Stepping ~*~*~tactically~*~*~ (hiding).
 28430 | Shoals:1 | 28430 ||| Stepping ~*~*~tactically~*~*~ (stealth).
 28432 | Shoals:1 | 28432 ||| INVOKING Berserk.
 28578 | Shoals:1 | Found Gereh's Mayhem Merchandise.
 28602 | Shoals:1 | Identified the +6 mace of Corruption {vorpal, rPois rC+++
                  | rN+ Dex-5}
 28658 | Shoals:1 | Reached ***** piety under Trog
 28732 | Shoals:1 | 28732 ||| INVOKING Trog's Hand.
 28733 | Shoals:1 | 28733 ||| INVOKING Brothers in Arms.
 28734 | Shoals:1 | 28734 ||| INVOKING Berserk.
 28759 | Shoals:1 | 28759 ||| INVOKING Brothers in Arms.
 28765 | Shoals:1 | HP: 34/147 [merfolk impaler/+2 trident of flaming (3)]
 28766 | Shoals:1 | 28766 ||| READING 4 scrolls of teleportation.
 28767 | Shoals:1 | 28767 ||| DRINKING 2 potions of heal wounds.
 28769 | Shoals:1 | 28769 ||| INVOKING Trog's Hand.
 28773 | Shoals:1 | HP: 36/147 [poisoned by a merfolk impaler]
 28774 | Shoals:1 | 28774 ||| READING 3 scrolls of teleportation.
 28774 | Shoals:1 | HP: 10/147 [merfolk/+0 trident (16)]
 28775 | Shoals:1 | 28775 ||| DRINKING potion of heal wounds.
 28779 | Shoals:1 | HP: 11/147 [poisoned by a merfolk impaler]
 28784 | Shoals:1 | HP: 5/147 [poisoned by a merfolk impaler]
 28942 | Shoals:1 | 28942 ||| INVOKING Berserk.
 28972 | Shoals:1 | HP: 33/147 [poisoned by a merfolk impaler]
 28973 | Shoals:1 | 28973 ||| READING 2 scrolls of teleportation.
 28975 | Shoals:1 | HP: 11/147 [merfolk impaler/+0 trident of venom (10)]
 28977 | Shoals:1 | 28977 ||| DRINKING 6 potions of curing.
 28977 | Shoals:1 | 28977 ||| (to cure poison)
 29028 | Shoals:1 | 29028 ||| READING scroll of teleportation.
 29029 | Shoals:1 | 29029 ||| INVOKING Berserk.
 29481 | Shoals:1 | 29481 ||| INVOKING Trog's Hand.
 29486 | Shoals:1 | 29486 ||| INVOKING Berserk.
 29520 | Shoals:1 | 29520 ||| INVOKING Trog's Hand.
 29526 | Shoals:1 | 29526 ||| INVOKING Berserk.
 30016 | Shoals:1 | 30016 ||| UPGRADING to +0 tower shield.
 30026 | Shoals:1 | 30026 ||| DROPPING +0 kite shield.
 30101 | Shoals:2 | 30101 ||| Stepping ~*~*~tactically~*~*~ (hiding).
 30102 | Shoals:2 | 30102 ||| Stepping ~*~*~tactically~*~*~ (hiding).
 30104 | Shoals:2 | 30104 ||| Stepping ~*~*~tactically~*~*~ (stealth).
 30115 | Shoals:2 | Reached XP level 16. HP: 145/155 MP: 15/15
 30396 | Shoals:2 | Found a runed translucent door.
 30457 | Shoals:2 | 30457 ||| INVOKING Trog's Hand.
 30460 | Shoals:2 | 30460 ||| Stepping ~*~*~tactically~*~*~ (water).
 30461 | Shoals:2 | 30461 ||| Stepping ~*~*~tactically~*~*~ (water).
 30464 | Shoals:2 | 30464 ||| INVOKING Berserk.
 30481 | Shoals:2 | 30481 ||| INVOKING Brothers in Arms.
 30912 | Shoals:2 | 30912 ||| FLEEEEING.
 30913 | Shoals:2 | 30913 ||| FLEEEEING.
 30914 | Shoals:2 | 30914 ||| FLEEEEING.
 30915 | Shoals:2 | 30915 ||| FLEEEEING.
 30916 | Shoals:2 | 30916 ||| FLEEEEING.
 30917 | Shoals:2 | 30917 ||| FLEEEEING.
 30918 | Shoals:2 | 30918 ||| STAIRDANCE
 31147 | Shoals:2 | 31147 ||| Stepping ~*~*~tactically~*~*~ (hiding).
 31156 | Shoals:2 | 31156 ||| FLEEEEING.
 31157 | Shoals:2 | 31157 ||| FLEEEEING.
 31282 | Shoals:2 | 31282 ||| INVOKING Berserk.
 31355 | Shoals:2 | 31355 ||| Stepping ~*~*~tactically~*~*~ (hiding).
 31356 | Shoals:2 | 31356 ||| Stepping ~*~*~tactically~*~*~ (hiding).
 31362 | Shoals:2 | 31362 ||| INVOKING Berserk.
 31612 | Shoals:2 | 31612 ||| INVOKING Trog's Hand.
 31785 | Shoals:3 | 31785 ||| Stepping ~*~*~tactically~*~*~ (hiding).
 31816 | Shoals:3 | 31816 ||| INVOKING Berserk.
 31937 | Shoals:3 | 31937 ||| INVOKING Berserk.
 31971 | Shoals:3 | HP: 36/155 [merfolk/boomerang[a merfolk javelineer] (3)]
 31976 | Shoals:3 | HP: 27/155 [merfolk javelineer/silver javelin (7)]
 31981 | Shoals:3 | HP: 25/155 [merfolk javelineer/silver javelin (1)]
 31983 | Shoals:3 | 31983 ||| INVOKING Brothers in Arms.
 31984 | Shoals:3 | 31984 ||| INVOKING Brothers in Arms.
 31986 | Shoals:3 | 31986 ||| INVOKING Berserk.
 32009 | Shoals:3 | Killed from afar by a water nymph

Levels and vault maps discovered:
D:1:      dpeg_arrival_rhombus, layout_rooms, shapermc_ecumenical_altar_gd,
          minmay_pentomino_z4
D:2:      layout_basic, basic_altar, minmay_misc_feat_doors,
          uniq_crazy_yiuf_cottage
D:3:      layout_rooms, tso_metal_star, uniq_robin
D:4:      layout_cave_pools, fedhas_ov_isle_minmay, portal_sewer_entry_b,
          nicolae_figureground_pulse, uniq_duvessa
D:5:      layout_basic, grunt_temple_overflow_lords_of_destruction,
          roderic_batcave, uniq_ijyb
D:6:      layout_cave_pods, mainiacjoe_overflow_brackets, uniq_pikel
D:7:      layout_loops_corners, minitemple, minmay_temple_entry_enclosed_plants,
          skrybe_limestone_x
D:8:      statuecave_lemuel, layout_layer_cave, hangedman_decor_push,
          david_defended_altar_orc, uniq_gastronok, uniq_psyche
D:9:      layout_basic, nicolae_overflow_hidden_temple
D:10:     layout_long_grid, nicolae_wu_jian_glorious_leap,
          chequers_temple_overflow_statue_of_worship, minmay_evil_grid,
          uniq_joseph
D:11:     layout_long_grid, david_lair_generic, nicolae_trove_entry_crossroad,
          kennysheep_cluttered_room
D:12:     layout_basic, orc_0_dummy
D:13:     layout_stronghold, minmay_variable_closet
D:14:     layout_long_grid, lightli_vaults_fourway_checkpoint,
          lemuel_zombie_altar_yredelemnul
D:15:     hangedman_depths_entry_civil_slaughter, layout_basic, serial_shops,
          bzr_entry_customers, uniq_rupert
Lair:1:   layout_roguey, gauntlet_entry_generic, serial_bayou_shore_b,
          serial_bayou_shore_a
Lair:2:   layout_loops_ring
Lair:3:   layout_small_grid, shoals_dummy_entry,
          nicolae_spider_entry_non_spiders, serial_bayou_shore_b
Lair:4:   layout_roguey
Lair:5:   evilmike_catoblepas_cave, layout_hall_layers, slime_entry_2,
          minivault_26, serial_bayou_pond_e, chequers_serial_rivers_micro_d
Shoals:1: layout_shoals, minmay_shop_mayhem, nicolae_shoals_water_booths
Shoals:2: layout_shoals, lightli_airlock
Shoals:3: layout_shoals, nicolae_shoals_nymph_descending_staircase
Orc:1:    layout_caves
Orc:2:    st_orc_elflike, layout_caves

Skill      XL: |  1  2  3  4  5  6  7  8  9 10 11 12 13 14 15 16 |
---------------+-------------------------------------------------+-----
Axes           | 4 5 6 7 9 10 12 13 18 | 18.2
Fighting       | 4 6 8 9 10 12 13 15 17 | 17.0
Armour         | 3 5 8 11 12 14 15 | 15.4
Throwing       | 1 4 5 6 8 |  8.0
Dodging        | 4 5 6 |  6.1
Shields        | 6 13 14 15 17 | 17.9

Action                   |  1- 3 |  4- 6 |  7- 9 | 10-12 | 13-15 | 16-18 || total
-------------------------+-------+-------+-------+-------+-------+-------++-------
Melee: Hand axe          |   130 |    13 |       |       |       |       ||   143
       Headbutt          |    13 |    19 |    23 |    42 |   189 |    42 ||   328
       War axe           |       |    74 |   124 |   287 |    17 |       ||   502
       Punch             |       |     2 |       |     1 |       |       ||     3
       Morningstar       |       |       |       |    11 |    66 |       ||    77
       Broad axe         |       |       |       |       |   850 |   219 ||  1069
Throw: Boomerang         |       |    26 |    42 |    35 |    67 |     5 ||   175
       Javelin           |       |       |     2 |    28 |    97 |       ||   127
Invok: Berserk           |     1 |     7 |    13 |    13 |    38 |     6 ||    78
       Brothers in Arms  |       |       |       |     2 |     6 |     2 ||    10
       Trog's Hand       |       |       |       |     1 |    14 |     2 ||    17
  Use: Scroll            |     3 |     7 |     5 |    14 |    12 |       ||    41
       Potion            |       |     1 |     1 |     6 |     8 |       ||    16
 Stab: Distracted        |     1 |       |       |       |     2 |       ||     3
Armor: Animal skin       |    14 |       |       |       |       |       ||    14
       Ring mail         |    12 |     2 |       |       |    11 |       ||    25
       Chain mail        |       |    37 |    22 |       |       |       ||    59
       Plate armour      |       |       |    20 |   198 |   355 |    69 ||   642
Dodge: Dodged            |    58 |    33 |    58 |   167 |   277 |    47 ||   640
Block: Other             |       |       |       |    62 |       |       ||    62
       Reflection        |       |       |       |     1 |    43 |    49 ||    93
       Kite shield       |       |       |       |    26 |   619 |       ||   645
       Tower shield      |       |       |       |       |    16 |   237 ||   253

Table legend:
 A = Non-vault XP
 B = Vault XP
 C = Vault XP percentage of total XP
 D = Non-vault monster count
 E = Vault monster count
 F = Vault count percentage of total count
                 A         B        C        D         E       F
            +---------+---------+-------+---------+---------+-------
      Total |  116223 |   51639 |  30.8 |     571 |     137 |  19.4
            +---------+---------+-------+---------+---------+-------
        D:1 |      64 |       4 |   5.9 |      36 |       2 |   5.3
        D:2 |      44 |       0 |   0.0 |      19 |       0 |   0.0
        D:3 |     203 |      42 |  17.1 |      20 |      13 |  39.4
        D:4 |     325 |     222 |  40.6 |      24 |       5 |  17.2
        D:5 |    1109 |     319 |  22.3 |      20 |      11 |  35.5
        D:6 |     805 |     685 |  46.0 |      10 |       1 |   9.1
        D:7 |     561 |       0 |   0.0 |      15 |       0 |   0.0
        D:8 |    1690 |    1983 |  54.0 |      13 |       5 |  27.8
        D:9 |    2678 |       0 |   0.0 |      39 |       0 |   0.0
       D:10 |    3674 |    6261 |  63.0 |      28 |      10 |  26.3
       D:11 |    1823 |    1067 |  36.9 |      18 |       4 |  18.2
       D:12 |    4558 |       0 |   0.0 |      15 |       0 |   0.0
       D:13 |    5003 |       0 |   0.0 |      17 |       0 |   0.0
       D:14 |    9204 |   14650 |  61.4 |      22 |      20 |  47.6
       D:15 |    6960 |     657 |   8.6 |      16 |       2 |  11.1
     Lair:1 |    2797 |       0 |   0.0 |      19 |       0 |   0.0
     Lair:2 |    3791 |       0 |   0.0 |      11 |       0 |   0.0
     Lair:3 |    4632 |     723 |  13.5 |      19 |       8 |  29.6
     Lair:4 |    7630 |       0 |   0.0 |      31 |       0 |   0.0
     Lair:5 |   13331 |   11545 |  46.4 |      44 |      23 |  34.3
   Shoals:1 |   14328 |    5274 |  26.9 |      32 |       8 |  20.0
   Shoals:2 |   19979 |       0 |   0.0 |      40 |       0 |   0.0
   Shoals:3 |    6290 |       0 |   0.0 |      14 |       0 |   0.0
      Orc:1 |    2104 |       0 |   0.0 |       9 |       0 |   0.0
      Orc:2 |    2640 |    8207 |  75.7 |      40 |      25 |  38.5
            +---------+---------+-------+---------+---------+-------
